Map: Ice and Chrome LE

Players

LiquidTLO (TLO) - Winner!

  • Race: Zerg Zerg
  • League: Master
  • Spawn Location: 7:00

DisK

  • Race: Protoss Protoss
  • League: Grandmaster
  • Spawn Location: 1:00

Event: DreamHack SC2 Masters 2020 Summer North America

VOD

Have the link to the VOD?

Description

Time

  • Played on: June 30, 2020, 3:39 p.m.
  • Length: 12:55

All games in this series

Show
View Real Time Build Order
Export as new Build Order

LiquidTLO Zerg - Winner!

Build Orders: Hatch First 

Get SALT Encoding   

  12  0:00  Drone  
  13  0:12  Overlord  
  13  0:16  Drone  
  14  0:30  Drone x2  
  16  0:49  Hatchery  
  15  0:51  Drone  
  15  0:54  Drone  
  17  1:01  Drone  
  18  1:06  Extractor  
  17  1:14  Spawning Pool  
  17  1:16  Drone  
  17  1:19  Drone  
  18  1:28  Drone  
  19  1:38  Drone  
  20  1:49  Overlord  
  20  2:01  Queen x2, Zergling x2  
  21  2:05  Drone  
  26  2:08  Metabolic Boost  
  26  2:11  Drone  
  26  2:14  Drone  
  28  2:21  Drone  
  29  2:32  Drone  
  30  2:39  Hatchery  
  30  2:43  Overlord  
  29  2:46  Overlord  
  29  2:48  Drone  
  29  2:49  Drone  
  31  2:55  Drone  
  31  2:58  Overlord  
  32  3:04  Drone  
  33  3:07  Drone  
  33  3:09  Queen  
  33  3:11  Drone  
  37  3:13  Drone  
  37  3:16  Drone  
  37  3:19  Drone  
  40  3:20  Drone  
  40  3:21  Drone  
  40  3:25  Drone  
  43  3:31  Drone  
  43  3:32  Roach Warren  
  43  3:35  Drone  
  43  3:36  Drone  
  43  3:39  Drone  
  43  3:40  Drone, Extractor  
  46  3:42  Drone  
  46  3:44  Drone  
  48  3:48  Lair  
  48  3:51  Zergling x2  
  48  3:55  Drone  
  50  3:56  Drone x2, Extractor  
  51  4:03  Overlord  
  51  4:06  Overlord  
  51  4:07  Overlord  
  51  4:12  Overlord  
  51  4:14  Roach  
  51  4:15  Roach  
  55  4:17  Overlord  
  55  4:18  Zergling x2  
  55  4:22  Overlord  
  56  4:24  Zergling x2  
  56  4:27  Zergling x2  
  56  4:28  Roach  
  60  4:36  Zergling x2  
  60  4:37  Drone  
  60  4:38  Spore Crawler  
  61  4:39  Drone  
  62  4:45  Overseer  
  62  4:47  Roach  
  62  4:48  Ravager x2  
  62  4:49  Drone  
  62  4:50  Drone x4  
  71  5:03  Drone  
  71  5:06  Overseer, Drone  
  73  5:08  Extractor  
  73  5:10  Drone  
  73  5:11  Drone x2  
  73  5:12  Hatchery, Overlord  
  74  5:15  Spore Crawler  
  73  5:23  Spire  
  73  5:26  Zergling x2  
  73  5:27  Roach  
  73  5:28  Roach  
  77  5:30  Roach  
  79  5:36  Roach  
  79  5:39  Roach  
  79  5:42  Spore Crawler  
  82  5:43  Roach  
  82  5:45  Roach  
  85  5:51  Glial Reconstitution  
  85  5:53  Roach  
  85  5:55  Roach  
  85  5:56  Zergling x4  
  91  5:57  Zergling x4  
  91  6:00  Roach  
  95  6:12  Overlord  
  95  6:16  Overlord  
  95  6:22  Overlord  
  95  6:25  Overlord  
  94  6:27  Drone x4  
  94  6:28  Extractor  
  94  6:31  Drone, Extractor  
  96  6:42  Mutalisk x4  
  96  6:44  Drone  
  96  6:46  Drone  
  106  6:48  Drone  
  106  6:50  Zerg Flyer Weapons Level 1  
  106  6:52  Drone  
  108  6:54  Mutalisk  
  108  6:59  Overlord  
  110  7:04  Mutalisk  
  110  7:05  Drone  
  110  7:06  Drone  
  114  7:09  Overlord  
  114  7:13  Mutalisk  
  114  7:14  Drone  
  117  7:20  Hatchery  
  117  7:22  Zergling x12  
  122  7:26  Mutalisk  
  124  7:30  Mutalisk  
  124  7:34  Mutalisk x2  
  130  7:40  Drone  
  130  7:41  Mutalisk  
  133  7:48  Mutalisk  
  134  7:54  Mutalisk  
  134  7:58  Mutalisk  
  133  8:10  Mutalisk  
  133  8:11  Mutalisk  
  130  8:14  Zergling x6  
  127  8:20  Mutalisk  
  127  8:22  Drone  
  127  8:25  Drone  
  127  8:26  Drone x2  
  130  8:28  Drone x2  
  130  8:29  Mutalisk, Drone  
  130  8:30  Roach  
  130  8:33  Mutalisk  
  139  8:35  Drone x2, Zergling x2  
  139  8:36  Drone x5  
  147  8:43  Mutalisk  
  147  8:47  Zergling x4  
  151  8:48  Extractor  
  151  8:50  Ravager, Extractor  
  151  8:51  Ravager x2  
  151  8:55  Overlord  
  152  9:01  Queen  
  152  9:02  Queen  
  152  9:04  Queen  
  152  9:05  Zergling x2  
  152  9:07  Zergling x2  
  152  9:11  Overlord  
  152  9:14  Zergling x2  
  152  9:15  Zergling x2  
  152  9:16  Mutalisk x3  
  160  9:19  Spore Crawler  
  160  9:23  Mutalisk  
  157  9:27  Zergling x2  
  157  9:29  Overlord x3  
  157  9:31  Mutalisk x2  
  160  9:33  Mutalisk  
  164  9:40  Mutalisk  
  164  9:41  Zergling x2  
  164  9:44  Mutalisk  
  165  9:48  Mutalisk  
  165  9:49  Drone  
  165  9:50  Zergling x2  
  167  9:53  Zergling x2  
  167  9:54  Mutalisk  
  167  9:59  Mutalisk  
  172  10:02  Zergling x4  
  172  10:03  Zergling x12  
  172  10:06  Hatchery, Mutalisk  
  181  10:09  Zerg Flyer Weapons Level 2  
  181  10:16  Pneumatized Carapace, Overlord  
  181  10:18  Drone, Zergling x2  
  183  10:22  Baneling Nest  
  183  10:24  Evolution Chamber  
  183  10:25  Mutalisk x2  
  185  10:32  Mutalisk  
  187  10:38  Mutalisk x2  
  189  10:46  Overlord  
  186  10:53  Mutalisk  
  186  10:54  Mutalisk  
  186  10:55  Mutalisk  
  188  11:01  Mutalisk  
  188  11:03  Zergling x2  
  188  11:04  Zergling x4  
  191  11:06  Mutalisk, Spine Crawler  
  191  11:07  Spine Crawler  
  191  11:09  Zergling x4  
  193  11:11  Mutalisk  
  193  11:18  Mutalisk  
  195  11:26  Centrifical Hooks, Spine Crawler  
  195  11:27  Spine Crawler  
  195  11:28  Spine Crawler  
  195  11:29  Spine Crawler  
  189  11:33  Mutalisk  
  189  11:35  Mutalisk  
  193  11:44  Mutalisk x2  
  197  11:49  Zergling x6  
  197  11:53  Baneling x6  
  197  11:54  Baneling  
  200  12:02  Hatchery  
  200  12:05  Zergling x2  
  200  12:06  Baneling  
  200  12:07  Baneling x7  
  200  12:18  Mutalisk  
  200  12:20  Ravager  
  200  12:29  Mutalisk  
Show
View Real Time Build Order
Export as new Build Order

DisK Protoss 

Build Orders: 1 Gate Expand, Zealot Archon, Dark Templar Rush 

Get SALT Encoding   

  12  0:00  Probe  
  13  0:12  Probe  
  14  0:17  Pylon  
  14  0:24  Probe  
  15  0:33  Probe  
  15  0:38  Gateway  
  15  0:41  Probe  
  16  0:47  Assimilator  
  17  0:50  Probe  
  18  1:03  Probe  
  19  1:15  Probe  
  20  1:23  Nexus  
  20  1:33  Cybernetics Core  
  20  1:35  Probe  
  21  1:40  Assimilator  
  21  1:48  Probe  
  21  1:51  Pylon  
  22  1:57  Probe  
  22  1:59  Stalker  
  23  2:05  Probe  
  23  2:14  Warp Gate  
  26  2:17  Probe  
  27  2:23  Twilight Council  
  27  2:29  Probe  
  28  2:31  Adept  
  28  2:33  Probe  
  31  2:41  Probe  
  31  2:42  Probe  
  32  2:49  Probe  
  33  2:54  Probe  
  33  2:55  Robotics Facility  
  35  3:01  Probe  
  36  3:06  Probe  
  37  3:13  Dark Shrine  
  37  3:15  Gateway  
  37  3:18  Probe  
  37  3:19  Probe  
  38  3:23  Adept  
  40  3:32  Gateway  
  40  3:34  Warp Prism  
  40  3:38  Gateway  
  42  3:49  Probe x2  
  42  3:52  Assimilator  
  44  4:00  Assimilator  
  45  4:02  Pylon  
  45  4:06  Pylon  
  45  4:07  Adept  
  46  4:20  Probe x2  
  48  4:30  Probe  
  48  4:31  Probe  
  48  4:32  Dark Templar x3  
  48  4:35  Pylon  
  56  4:38  Probe  
  56  4:39  Probe  
  58  4:47  Probe x2  
  58  4:52  Immortal  
  60  4:55  Shield Battery  
  64  5:04  Sentry  
  64  5:06  Sentry  
  62  5:11  Gateway x2  
  62  5:13  Pylon  
  62  5:16  Probe x2  
  64  5:23  Pylon  
  64  5:24  Sentry  
  66  5:32  Dark Templar  
  66  5:33  Dark Templar  
  66  5:34  Immortal, Probe x2  
  74  5:53  Probe x2  
  74  6:00  Blink  
  74  6:04  Adept  
  74  6:05  Adept, Probe x2  
  74  6:09  Zealot  
  74  6:10  Zealot x2  
  86  6:19  Pylon  
  86  6:39  Stalker x4  
  90  6:40  Stalker  
  90  6:41  Stalker  
  90  6:44  Gateway  
  90  6:45  Gateway  
  94  6:51  Pylon  
  94  6:55  Nexus  
  94  7:03  Shield Battery  
  94  7:06  Pylon  
  94  7:11  Observer  
  94  7:15  Dark Templar, Forge  
  96  7:16  Dark Templar  
  96  7:19  Probe x2  
  101  7:26  Dark Templar x2  
  105  7:33  Pylon  
  105  7:35  Pylon  
  105  7:37  Immortal  
  105  7:40  Archon  
  105  7:41  Archon  
  105  7:43  Probe  
  110  7:48  Shield Battery, Probe  
  101  7:59  Stalker x3  
  104  8:11  Probe x2  
  104  8:15  Stalker x2  
  108  8:27  Stalker x2  
  106  8:28  Phoenix  
  104  8:37  Stalker x2  
  104  8:39  Stalker  
  108  8:46  Stalker  
  110  8:50  Stalker  
  106  9:10  Stalker x5  
  106  9:12  Stalker  
  106  9:17  Stalker  
  120  9:31  Stalker  
  114  9:38  Stalker  
  114  9:39  Stalker x3  
  118  9:47  Probe x3  
  118  9:51  Robotics Bay  
  119  9:56  Probe x3  
  122  10:01  Assimilator  
  122  10:04  Probe  
  122  10:05  Assimilator  
  122  10:06  Dark Templar  
  124  10:07  Probe x2  
  124  10:14  Probe  
  127  10:18  Probe  
  127  10:19  Probe  
  130  10:26  Probe  
  128  10:38  Stalker  
  128  10:39  Stalker x5  
  134  11:03  Stalker x4  
  134  11:04  Zealot x3  
  136  11:33  Stalker x2  
  136  11:39  Stalker x3  
  140  11:40  Stalker  
  140  11:45  Stalker x2  
  130  11:58  Observer  
  130  12:13  Stalker x3  
  133  12:37  Stalker x4  
Tags
 
Add a new tag
Caveats
  • Supply blocks, unpowered buildings, or Contaminate may cause inaccurate times.
  • Supply counts are checked every 10 seconds.